 Dungeon Crawl Stone Soup version 0.29-a0-717-g6dac4ea423 (webtiles) character file.

Game seed: 7246163116792584825

417 blackman the Chopper (level 7, -6/52 HPs)
             Began as a Human Delver on June 26, 2022.
             Mangled by an ice beast (14 damage)
             ... on level 5 of the Dungeon.
             The game lasted 00:07:34 (3434 turns).

blackman the Chopper (Human Delver)                 Turns: 3434, Time: 00:07:35

Health: -6/52      AC:  6    Str: 15    XL:     7   Next: 15%
Magic:  7/7        EV:  9    Int: 10    God:
Gold:   130        SH:  0    Dex: 14    Spells: 6/6 levels left

rFire   . . .      SeeInvis .   b - +0 sling (flame)
rCold   . . .      Faith    .   (no shield)
rNeg    . . .      Spirit   .   g - +0 scale mail
rPois   .          Reflect  .   (no helmet)
rElec   .          Harm     .   (no cloak)
rCorr   .          Rampage  .   (no gloves)
Will    .....                   (no boots)
Stlth   ++........              (no amulet)
HPRegen 0.17/turn               (no ring)
MPRegen 0.10/turn               (no ring)

@: no status effects
A: no striking features
a: no special abilities


You were on level 5 of the Dungeon.
You visited 1 branch of the dungeon, and saw 3 of its levels.

You collected 130 gold pieces.

Inventory:

Hand Weapons
 a - a +0 trident
 b - a +0 sling of flaming (weapon)
 r - a +0 hand axe
Missiles
 d - 6 javelins
 p - 6 stones
Armour
 g - a +0 scale mail (worn)
 o - a +0 leather armour
Magical Staves
 e - a staff of death
Jewellery
 i - a ring of fire
Scrolls
 c - 4 scrolls of fog
 h - 3 scrolls of identify {unknown}
 k - a scroll of poison {unknown}
 l - a scroll of blinking {unknown}
 n - a scroll of summoning {unknown}
Potions
 f - a potion of haste
 j - a potion of curing
 q - a potion of berserk rage {unknown}


   Skills:
 - Level 3.0 Fighting
 - Level 6.5(6.8) Axes
 * Level 2.6(4.9) Polearms
 - Level 2.0 Dodging
 - Level 5.0 Stealth


You had 6 spell levels left.
You didn't know any spells.
Your spell library was empty.

Dungeon Overview and Level Annotations

Branches:
Dungeon (5/15)
 Temple: D:4-7

Altars:
Dithmenos
Fedhas


Message History

* * * LOW HITPOINT WARNING * * *
The ice beast freezes you!
* * * LOW HITPOINT WARNING * * *
Unknown command.
Unknown command.
Unknown command.
You feel much better.
The ice beast hits you but does no damage.
Fire: b) +0 sling (flame)
Press: ? - help, Shift-Dir - straight line, f/p - ice beast
Aim: an ice beast (moderately wounded, 56% to hit)
You shoot a sling bullet.
The sling bullet closely misses the ice beast.
The ice beast closely misses you.
The ice beast hits you but does no damage.
Fire: b) +0 sling (flame)
Press: ? - help, Shift-Dir - straight line, f/p - ice beast
Aim: an ice beast (moderately wounded, 56% to hit)
You shoot a sling bullet. The sling bullet hits the ice beast.
The sling bullet melts the ice beast.
The ice beast is heavily wounded.
The ice beast closely misses you.
Fire: b) +0 sling (flame)
Press: ? - help, Shift-Dir - straight line, f/p - ice beast
Aim: an ice beast (heavily wounded, 56% to hit)
You shoot a sling bullet. The sling bullet hits the ice beast.
The sling bullet melts the ice beast.
The ice beast is heavily wounded.
The ice beast hits you. The ice beast freezes you. The ice beast hits you.
The ice beast freezes you!
* * * LOW HITPOINT WARNING * * *
Fire: b) +0 sling (flame)
Press: ? - help, Shift-Dir - straight line, f/p - ice beast
Aim: an ice beast (heavily wounded, 56% to hit)
You shoot a sling bullet.
The sling bullet closely misses the ice beast.
The ice beast hits you.
* * * LOW HITPOINT WARNING * * *
The ice beast freezes you!
You die...

###......# ....###..##
......#...# ..###.#...##########
*##### ....#..............#####
#.:... ###.#..................#
#.....
..#....................#*###.....
#.#....................+,,......>
#...............@Y.....#***#.....
#.........#########....# #l....
..........# *....# #.....
..........# *#.### #.....
########### *..* #.....
*#.#****#####. *,,,,,,,,,,#.
*,,,,,,,,,,#. *,,,,,,,,,,#.


You could see an ice beast.

Vanquished Creatures
  A black bear (D:5)
  A phantom (D:4)
  A necrophage (D:4)
  2 scorpions (D:4)
  A howler monkey (D:5)
  2 adders
  An ufetubus (D:4)
  5 orcs
  An endoplasm (D:4)
  A giant cockroach (D:3)
  A goblin (D:4)
  2 quokkas
  5 ball pythons
  3 bats (D:3)
  2 kobolds (D:3)
  A rat (D:3)
30 creatures vanquished.

Vanquished Creatures (others)
  2 plants (D:4)
2 creatures vanquished.

Grand Total: 32 creatures vanquished

Notes
Turn   | Place    | Note
-------+----------+-------------------------------------------
     0 | D:5      | blackman the Human Delver began the quest for the Orb.
     0 | D:5      | Reached XP level 1. HP: 18/18 MP: 1/1
    28 | D:5      | Noticed an iguana
    74 | D:5      | Found a blossoming altar of Fedhas.
   396 | D:4      | Noticed an ogre
   450 | D:4      | Reached XP level 2. HP: 17/24 MP: 2/2
   669 | D:4      | Noticed a phantom
   817 | D:3      | Reached skill level 3 in Axes
  1128 | D:3      | Reached XP level 3. HP: 23/29 MP: 3/3
  1420 | D:4      | Noticed a scorpion
  1431 | D:4      | Killed a scorpion
  1432 | D:4      | Reached skill level 4 in Axes
  1432 | D:4      | Reached XP level 4. HP: 13/35 MP: 4/4
  1837 | D:4      | Killed a phantom
  1838 | D:4      | Reached skill level 5 in Axes
  1838 | D:4      | Reached XP level 5. HP: 15/41 MP: 5/5
  2062 | D:4      | Reached skill level 6 in Axes
  2062 | D:4      | Reached XP level 6. HP: 24/45 MP: 6/6
  3236 | D:5      | Noticed a black bear
  3255 | D:5      | Found a shadowy altar of Dithmenos.
  3280 | D:5      | Killed a black bear
  3281 | D:5      | Reached XP level 7. HP: 41/52 MP: 7/7
  3434 | D:5      | Mangled by an ice beast

Illustrated notes

Levels and vault maps discovered:
D:3:      layout_basic, grunt_decor_cap
D:4:      layout_layer_cave, serial_bayou_pond_d
D:5:      layout_basic, marbit_many_paths, kennysheep_little_box,
          hangedman_abyss_or_decor_stabs

Skill      XL: |  1  2  3  4  5  6 |
---------------+-------------------+-----
Axes           | 3 4 5 6 |  6.5
Polearms       | 2 |  2.6
Fighting       | |  3.0
Dodging        | |  2.0
Stealth        | |  5.0

Action                   |  1- 3 |  4- 6 |  7- 9 || total
-------------------------+-------+-------+-------++-------
Melee: Hand axe          |    52 |       |       ||    52
 Fire: Sling             |     8 |    59 |    27 ||    94
Evoke: Wand              |     2 |     1 |       ||     3
  Use: Scroll            |     2 |       |       ||     2
       Potion            |     2 |       |     1 ||     3
 Stab: Sleeping          |     3 |       |       ||     3
Armor: Leather armour    |    16 |     8 |       ||    24
       Scale mail        |       |       |    11 ||    11
Dodge: Dodged            |    39 |    28 |    11 ||    78

Table legend: (Time is in decaauts)
 A = Elapsed time spent in this place.
 B = Non-inter-level travel time spent in this place.
 C = Inter-level travel time spent in this place.
 D = Time resting spent in this place.
 E = Time spent auto-exploring this place.
 F = Levels seen in this place.
 G = Mean time per level.
                   A        B        C        D        E       F      G
               +--------+--------+--------+--------+--------+-----+--------+
         Total |   3486 |   3290 |    196 |   1171 |   1503 |   3 | 1162.0 |
       Dungeon |   3486 |   3290 |    196 |   1171 |   1503 |   3 | 1162.0 |
               +--------+--------+--------+--------+--------+-----+--------+

Top non-repeatable levels by time:
     D:4: 2626 daAuts
     D:3: 469 daAuts
     D:5: 390 daAuts
